 Dungeon Crawl Stone Soup version 0.20.1-1-g8b1a95d (webtiles) character file.

83360 Mesmaeker13 the Nimble (level 15, -19/117 HPs)
             Began as a Red Draconian Skald on Aug 25, 2017.
             Was the Champion of Hepliaklqana.
             Demolished by an orc warrior
             ... wielding a +0 glaive
              (29 damage)
             ... on level 2 of the Orcish Mines.
             The game lasted 01:15:18 (28590 turns).

Mesmaeker13 the Nimble (Red Draconian Skald)       Turns: 28590, Time: 01:15:19

Health: -19/117    AC: 19    Str: 29    XL:     15   Next: 32%
Magic:  23/25      EV: 21    Int: 18    God:    Hepliaklqana [******]
Gold:   1877       SH:  0    Dex: 16    Spells: 17/28 levels left

rFire    + + .     SeeInvis +   N - +7 lajatang "Mesmaeker13's Foe" {slice, rC+ Str+5}
rCold    + + .     Gourm    .   (shield currently unavailable)
rNeg     . . .     Faith    .   (armour unavailable)
rPois    +         Spirit   .   q - +2 hat
rElec    .         Reflect  .   y - +2 cloak
rCorr    .         Harm     .   T - +1 pair of gloves {Dex+3}
MR       +....                  w - +0 pair of boots
Stlth    +.........             R - amulet of regeneration
Regen    0.7/turn               Z - ring of Tosab {rC+ Str+9 Dex+2}
MPRegen  0.2/turn               h - ring of Eternal Harmony {rPois rF+ AC+2 SInv}

@: singing
A: breathe fire, unfitting armour, reduced essence, fire resistance 1,
cold-blooded, AC +9
a: Breathe Fire, Recall Ancestor, Ancestor Identity, Transference, Idealise,
Renounce Religion


You were on level 2 of the Orcish Mines.
You worshipped Hepliaklqana.
Hepliaklqana was exalted by your worship.
You were not hungry.

You visited 4 branches of the dungeon, and saw 23 of its levels.
You also visited: Ossuary, Bailey and Ice Cave.

You collected 2206 gold pieces.
You spent 329 gold pieces at shops.

Inventory:

Hand Weapons
 N - the +7 lajatang "Mesmaeker13's Foe" (weapon) {slice, rC+ Str+5}
   (You acquired it on level 11 of the Dungeon)

   It inflicts extra damage upon your enemies.
   It affects your strength (+5).
   It protects you from cold.
 V - the +8 shortbow of Tyraev {velocity, -Tele Str+3 Dex+4}
   (You found it on level 6 of the Lair of Beasts)

   Any arrow fired from it inflicts extra damage.
   It affects your strength (+3).
   It affects your dexterity (+4).
   It prevents most forms of teleportation.
Missiles
 J - 2 throwing nets (quivered)
 U - 40 arrows
Armour
 c - a scarf of resistance
 q - a +2 hat (worn)
 w - a +0 pair of boots (worn)
 y - a +2 cloak (worn)
 T - a +1 pair of gloves of dexterity (worn)
Jewellery
 h - the ring of Eternal Harmony (right hand) {rPois rF+ AC+2 SInv}
   (You acquired it on level 8 of the Dungeon)

   [ring of protection]

   It affects your AC (+2).
   It protects you from fire.
   It protects you from poison.
   It lets you see invisible.
 k - an uncursed ring of protection from magic
 l - an uncursed amulet of rage
 R - an amulet of regeneration (around neck)
 Z - the ring of Tosab (left hand) {rC+ Str+9 Dex+2}
   (You found it on level 6 of the Lair of Beasts)

   [ring of protection from cold]

   It affects your strength (+9).
   It affects your dexterity (+2).
   It protects you from cold.
Wands
 a - a wand of digging (8/24)
 v - a wand of enslavement (17/24)
 A - a wand of digging (16/24)
Scrolls
 f - 5 scrolls of remove curse
 g - 2 scrolls of blinking
 o - 2 scrolls of immolation
 t - 2 scrolls of fog {unknown}
 x - 3 scrolls of magic mapping
 C - 3 scrolls of fear
 F - 7 scrolls of teleportation
 G - a scroll of brand weapon {unknown}
 K - 3 scrolls of silence {unknown}
 X - a scroll of summoning {unknown}
 Y - 3 scrolls of vulnerability {unknown}
Potions
 e - 2 potions of might {unknown}
 i - 2 potions of brilliance
 j - a potion of berserk rage
 m - 5 potions of magic
 n - 8 potions of flight
 u - 7 potions of heal wounds
 z - 7 potions of curing
 B - a potion of experience {unknown}
 D - a potion of invisibility {unknown}
 E - 2 potions of mutation {unknown}
 P - a potion of cancellation {unknown}
 Q - a potion of agility {unknown}
 S - a potion of ambrosia {unknown}
Comestibles
 b - 14 chunks of flesh
 I - 10 bread rations


   Skills:
 + Level 11.4 Fighting
   Level 8.5(10.9) Maces & Flails
 + Level 10.8(11.9) Staves
 + Level 1.5 Bows
   Level 4.4 Crossbows
 + Level 12.4 Dodging
 - Level 7.0 Spellcasting
 - Level 5.0 Hexes
 + Level 11.4 Charms
 - Level 5.0 Necromancy
 - Level 5.1 Translocations


You had 17 spell levels left.
You knew the following spells:

 Your Spells              Type           Power        Failure   Level  Hunger
a - Infusion              Chrm           ####         1%          1    None
b - Shroud of Golubria    Chrm/Tloc      #####.....   1%          2    None
c - Song of Slaying       Chrm           #####...     1%          2    None
d - Regeneration          Chrm/Necr      #####.....   1%          3    ##.....
e - Spectral Weapon       Hex/Chrm       #####...     1%          3    ##.....


Dungeon Overview and Level Annotations

Branches:
Dungeon (14/15)            Temple (1/1) D:4            Lair (6/6) D:10
  Snake (0/4) Lair:3          Orc (2/2) D:12            Elf (0/3) Orc:2
 Vaults (0/5) D:13
  Swamp: Lair:2-4    Shoals: Lair:2-4     Slime: Lair:5-6

Altars:
Ashenzari
Cheibriados
Dithmenos
Elyvilon
Fedhas
Gozag
Hepliaklqana
Kikubaaqudgha
Makhleb
Nemelex Xobeh
Okawaru
Qazlal
Ru
Sif Muna
Trog
Uskayaw
Vehumet
Xom
Yredelemnul
Zin
The Shining One

Shops:
D:6 %:(!(   D:9 **[![

Portals:
Trove: D:13 (give +5 demon blade)

Annotations:
Lair:5 exclusion: oklob plant


Innate Abilities, Weirdness & Mutations

You can breathe blasts of fire.
Your fiery red scales are hard. (AC +9)
You cannot fit into any form of body armour.
Your flesh is heat resistant. (rF+)
You are cold-blooded and may be slowed by cold attacks.
Your life essence is reduced to manifest your ancestor. (-10% HP)


Message History

The centaur is almost dead.
The centaur misses you.
Unknown command.
You slice the centaur!!
You kill the centaur!
The orc wizard closely misses you.
The orc knight roars a battlecry!
The orcs go into a battle-frenzy!
The orc misses you.
An orc warrior comes into view.
It is wielding a long sword. 2 orcs and 2 orc warriors come into view.
The orc shouts!
The orc warrior shouts!
The orc shouts!
The orc warrior hits you with a broad axe!!!
* * * LOW HITPOINT WARNING * * *
The orc warrior hits Lucia with a broad axe!
Lucia barely misses the orc warrior.
The orc priest hits you from afar with a trident.
* * * LOW HITPOINT WARNING * * *
The orc warrior hits you with a glaive!!
You die...

............. ......
.............# ......
.........##.#.## #......
........####(..##.......
.........#.....#........
................#....#
............#...o...#
............##oR@oo.#
.........#....((#o.oo...
......##....(..o#oo.#...
............(#..o#.o# .
......#..#...##.##..o.
..#.)#)..#....### .....
......#......## .#...
....)..#....## .#...
..)..)....###


You could see the friendly Lucia the battlemage, an orc knight, 5 orc warriors,
an orc priest, an orc wizard (invisible) and 4 orcs.

Vanquished Creatures
  A dire elephant (Lair:4)
  The ghost of ThereIsNoGod the Frost Mage, a journeyman DrIE of Sif Muna (Lair:4)
  An ogre mage (D:13)
  6 hydras
  A merfolk avatar (Lair:6)
  A centaur warrior (D:14)
  2 catoblepae
  The ghost of Monsterracer the Slinger, a journeyman HaAM of Okawaru (D:10)
  7 two-headed ogres
  A deep elf knight (D:13)
  The ghost of Agrougrou the Thaumaturge, a novice DECj of Vehumet (D:8)
  An orc knight (Bailey)
  4 deep elf magi (D:13)
  A harpy (Lair:6)
  2 ugly things
  A cyclops (D:8)
  2 manticores
  2 centaur zombies
  A black mamba (Lair:6)
  A guardian serpent (shapeshifter) (D:14)
  2 ice statues (IceCv)
  26 elephants
  10 spiny frogs
  A kobold demonologist (D:13)
  2 gargoyles
  4 rime drakes
  6 ice devils (IceCv)
  6 komodo dragons
  2 yaktaurs (D:13)
  3 hornets
  A wind drake (Lair:6)
  4 polar bears (Lair:6)
  5 trolls
  3 dream sheep (Lair:5)
  7 hippogriffs
  15 blink frogs
  A shadow (D:13)
  A wraith (D:12)
  16 yaks
  5 wyverns
  2 basilisks
  A hungry ghost (D:14)
  4 vampire mosquitoes
  2 nagas (Lair:3)
  6 wargs
  11 water moccasins
  7 porcupines
  14 orc warriors
  3 ice beasts
  2 phantoms
  3 sky beasts
  A black bear (D:12)
  18 ogres
  9 centaurs
  An eye of draining (D:10)
  4 necrophages (Lair:5)
  9 crocodiles
  An elf zombie (Ossuary)
  4 big kobolds
  10 bullfrogs
  A wyvern zombie (D:13)
  3 scorpions
  2 killer bees (D:13)
  A wight (D:8)
  7 howler monkeys
  12 crimson imps
  8 hounds
  A quasit (D:10)
  A bullfrog zombie (D:12)
  13 orc priests
  2 jellies
  4 bullfrog skeletons
  6 iguanas
  Ijyb (D:4)
  16 orc wizards
  12 worker ants
  A big kobold zombie (Ossuary)
  2 hound zombies
  2 mummies (Ossuary)
  2 hound skeletons
  Robin (D:4)
  A worker ant zombie (D:8)
  4 gnolls
  A howler monkey skeleton (D:8)
  15 adders
  2 shadow imps
  7 white imps (IceCv)
  7 ufetubi (IceCv)
  2 adder zombies
  3 adder skeletons
  2 worms
  3 dart slugs
  3 leopard geckos
  53 orcs
  3 ball pythons
  6 bats
  4 giant cockroaches
  10 goblins
  7 hobgoblins
  7 jackals
  31 kobolds
  7 quokkas
  A ball python skeleton (D:4)
  2 frilled lizards
  A goblin zombie (Ossuary)
  9 hobgoblin zombies (Ossuary)
  A jackal zombie (Ossuary)
  10 kobold zombies (Ossuary)
  A leopard gecko skeleton (D:5)
  A leopard gecko zombie (D:4)
  8 orc zombies (Ossuary)
  A quokka zombie (D:8)
  4 rats
  2 rat zombies
  A fungus (Lair:3)
  A spectral weapon (D:8)
589 creatures vanquished.

Vanquished Creatures (collateral kills)
  An orc warlord (Bailey)
  2 two-headed ogres
  An unseen horror (D:10)
  6 ugly things
  A deep elf mage (D:14)
  2 cyclopes
  8 elephants
  2 black mambas
  7 spiny frogs
  A gargoyle (D:13)
  A yaktaur (D:13)
  3 ice devils (IceCv)
  3 komodo dragons (Lair:6)
  A troll (Orc:2)
  A wind drake (Lair:6)
  5 blink frogs
  A hornet (Lair:6)
  2 dream sheep (Lair:5)
  A wolf spider simulacrum (D:14)
  3 hippogriffs
  A shadow (D:14)
  A spriggan (Lair:4)
  A wyvern (Lair:6)
  5 yaks
  2 vampire mosquitoes
  A warg (Orc:2)
  3 water moccasins
  2 porcupines (Lair:3)
  4 orc warriors (Orc:2)
  A sky beast (D:12)
  A hornet zombie (D:11)
  An ogre (D:8)
  2 eyes of draining
  3 necrophages (Lair:5)
  7 crocodiles
  2 centaurs
  3 big kobolds
  An elf zombie (Ossuary)
  2 bullfrogs
  A gnoll sergeant (Orc:1)
  2 killer bees (D:13)
  An electric eel (Lair:3)
  A crimson imp (D:13)
  A quasit (D:14)
  2 orc priests
  4 orc wizards
  A worker ant (D:11)
  A worker ant zombie (D:7)
  An adder (D:7)
  A gnoll (Orc:1)
  2 white imps (IceCv)
  An ufetubus (IceCv)
  2 leopard geckos
  15 orcs
  A goblin (Bailey)
  A hobgoblin (Bailey)
  A gnoll zombie (D:8)
  2 hobgoblin zombies (Ossuary)
  4 kobolds
  A kobold zombie (Ossuary)
  A fungus (Lair:6)
142 creatures vanquished.

Vanquished Creatures (others)
  A reaper (IceCv)
  An orc wizard (D:12)
  13 battlemagi
  6 ancestors
  2 white imps (IceCv)
  2 ufetubi (IceCv)
  An orc (Orc:2)
  56 fungi
  21 plants
  6 spectral weapons
109 creatures vanquished.

Grand Total: 840 creatures vanquished

Notes
Turn   | Place    | Note
-------+----------+-------------------------------------------
     0 | D:1      | Mesmaeker13 the Draconian Skald began the quest for the Orb.
     0 | D:1      | Reached XP level 1. HP: 17/17 MP: 3/3
   514 | D:1      | Reached XP level 2. HP: 24/24 MP: 5/5
  1041 | D:2      | Found a hide-covered altar of Uskayaw.
  1042 | D:2      | Noticed a hand axe
  1043 | D:2      | Noticed a hand axe
  1319 | D:2      | Learned a level 2 spell: Shroud of Golubria
  2061 | D:3      | Reached XP level 3. HP: 26/29 MP: 3/6
  2298 | D:3      | Noticed an ogre
  2369 | D:4      | Learned a level 2 spell: Song of Slaying
  2395 | D:4      | Got a jewelled dagger
  2402 | D:4      | Reached XP level 4. HP: 36/36 MP: 7/7
  2628 | D:4      | Reached skill level 3 in Dodging
  3109 | D:4      | Found a shattered altar of Ashenzari.
  3343 | D:4      | Noticed Ijyb
  3346 | D:4      | Noticed an ogre
  3491 | D:3      | Reached XP level 5. HP: 40/41 MP: 8/8
  3704 | D:3      | Identified the +3 dagger "Pichufua" {elec, rElec rN+ Str+2 Dex-3} (You found it on level 4 of the Dungeon)
  3710 | D:3      | Killed an ogre
  4152 | D:4      | Killed an ogre
  4152 | D:4      | Reached XP level 6. HP: 40/48 MP: 1/9
  4240 | D:4      | Killed Ijyb
  4491 | D:4      | Noticed Robin
  4506 | D:4      | Reached skill level 4 in Dodging
  4515 | D:4      | Killed Robin
  4613 | D:4      | Found a staircase to the Ecumenical Temple.
  4620 | Temple   | Entered the Ecumenical Temple
  4855 | D:4      | Reached skill level 5 in Charms
  4855 | D:4      | Your scales start taking on a fiery red colour.
  4855 | D:4      | Reached XP level 7. HP: 26/55 MP: 2/10
  4855 | D:4      | Gained mutation: Your flesh is heat resistant. (rF+) [Red Draconian growth]
  5124 | D:4      | Found a glowing silver altar of Zin.
  5124 | D:4      | Found a shimmering altar of Xom.
  5125 | D:4      | Noticed an angel
  5846 | D:5      | Entered Level 5 of the Dungeon
  5849 | D:5      | Reached skill level 5 in Maces & Flails
  6220 | D:5      | Learned a level 3 spell: Regeneration
  6223 | D:5      | Reached skill level 5 in Dodging
  6269 | D:5      | Reached skill level 1 in Translocations
  6389 | D:5      | Found an iron altar of Okawaru.
  6412 | D:5      | Reached XP level 8. HP: 55/61 MP: 11/11
  7022 | D:6      | Found Teinifud's Weapon Emporium.
  7029 | D:6      | Found Eptaappo's Antique Weapon Boutique.
  7112 | D:6      | Found Gynnezirr's Food Shop.
  7331 | D:6      | Learned a level 3 spell: Spectral Weapon
  7394 | D:6      | Found Oschefupn's Book Shop.
  7476 | D:6      | Found a hazy altar of Hepliaklqana.
  7594 | D:6      | Found Firphaxt's Distillery.
  7669 | D:6      | Became a worshipper of Hepliaklqana the Forgotten
  8254 | D:7      | Noticed a hippogriff
  8260 | D:7      | Killed a hippogriff
  8820 | D:7      | Reached skill level 1 in Hexes
  8916 | D:7      | Found a basalt altar of Yredelemnul.
  8990 | D:7      | Reached skill level 6 in Dodging
  9014 | D:7      | Reached * piety under Hepliaklqana
  9203 | D:8      | Noticed a two-headed ogre
  9205 | D:8      | Noticed Agrougrou's ghost (novice DECj)
  9213 | D:7      | Reached XP level 9. HP: 60/60 MP: 5/12
  9291 | D:8      | Found a sand-covered staircase.
  9300 | Ossuary  | Entered an ossuary
 10971 | D:8      | Killed Agrougrou's ghost
 11602 | D:8      | Reached skill level 7 in Dodging
 11743 | D:8      | Noticed a cyclops
 11754 | D:8      | Noticed a cyclops
 11760 | D:8      | Killed a cyclops
 11760 | D:8      | Reached XP level 10. HP: 57/65 MP: 4/13
 12028 | D:8      | Noticed a two-headed ogre
 12040 | D:8      | Killed a two-headed ogre
 12086 | D:8      | Noticed a two-headed ogre
 12102 | D:8      | Killed a two-headed ogre
 12971 | D:8      | Identified a scroll of acquirement
 12977 | D:8      | Got a shimmering wooden ring
 12978 | D:8      | Identified the ring of Eternal Harmony {rPois rF+ AC+2 SInv} (You acquired it on level 8 of the Dungeon)
 13015 | D:9      | Found Miacw's Distillery.
 13025 | D:9      | Found Ofobev's Armour Shop.
 13028 | D:9      | Bought a +0 pair of boots for 54 gold pieces
 13161 | D:9      | Reached skill level 5 in Hexes
 13265 | D:9      | Reached skill level 1 in Staves
 13265 | D:9      | Reached skill level 8 in Dodging
 13295 | D:9      | Bought a potion of curing for 42 gold pieces
 13295 | D:9      | Bought a potion of curing for 42 gold pieces
 13383 | D:9      | Found a burning altar of Makhleb.
 13383 | D:9      | Found a deep blue altar of Sif Muna.
 13418 | D:9      | Found a blossoming altar of Fedhas.
 13446 | D:9      | Reached skill level 1 in Necromancy
 13466 | D:9      | Found Vioxtah's General Store.
 13476 | D:9      | Bought a scroll of identify for 30 gold pieces
 13700 | D:9      | Noticed a two-headed ogre
 13707 | D:9      | Killed a two-headed ogre
 13724 | D:9      | Found Savemo's General Store.
 13748 | D:9      | Found Xetrycs's Armour Shop.
 13755 | D:9      | Bought a +1 cloak for 161 gold pieces
 13777 | D:9      | Found an opulent altar of Gozag.
 13866 | D:9      | Found a bloodstained altar of Trog.
 13975 | D:10     | Entered Level 10 of the Dungeon
 14134 | D:10     | Reached XP level 11. HP: 63/71 MP: 7/14
 14153 | D:10     | Found a staircase to the Lair.
 14267 | D:10     | Reached ** piety under Hepliaklqana
 14268 | D:10     | Remembered your ancestor Lucia as a battlemage
 14372 | D:10     | Noticed Monsterracer's ghost (journeyman HaAM)
 14390 | D:10     | Killed Monsterracer's ghost
 14758 | D:10     | Noticed an unseen horror
 14762 | D:10     | Killed an unseen horror
 14926 | D:11     | Noticed a purple ugly thing
 14935 | D:11     | Killed a purple ugly thing
 14935 | D:11     | Reached skill level 9 in Dodging
 14959 | D:11     | Noticed a two-headed ogre
 14964 | D:11     | Killed a two-headed ogre
 15119 | D:11     | Found a flagged portal.
 15164 | Bailey   | Entered a bailey
 15282 | Bailey   | Noticed an orc warlord
 15307 | Bailey   | Noticed an orc knight
 15334 | Bailey   | Killed an orc knight
 15514 | Bailey   | Found a runed gate.
 15516 | Bailey   | Found a runed gate.
 15700 | Bailey   | Found a runed gate.
 15746 | Bailey   | Killed an orc warlord
 15746 | Bailey   | Reached skill level 5 in Staves
 15755 | Bailey   | Reached *** piety under Hepliaklqana
 15780 | Bailey   | Got a pitted graven amulet
 15914 | D:11     | Noticed a brown ugly thing
 15921 | D:11     | Killed a brown ugly thing
 15921 | D:11     | Reached skill level 5 in Fighting
 16087 | D:11     | Got an encrusted shield
 16088 | D:11     | Identified the +2 shield of Vexation {rC+ rN+} (You acquired it on level 11 of the Dungeon)
 16092 | D:11     | Got a twisted lajatang
 16093 | D:11     | Identified the +7 lajatang "Mesmaeker13's Foe" {slice, rC+ Str+5} (You acquired it on level 11 of the Dungeon)
 16140 | D:12     | Reached XP level 12. HP: 49/84 MP: 9/15
 16220 | D:12     | Reached skill level 10 in Charms
 16295 | D:12     | Found a staircase to the Orcish Mines.
 16434 | D:12     | Reached skill level 10 in Dodging
 16688 | D:12     | Found a deep blue altar of Sif Muna.
 16775 | D:12     | Noticed a two-headed ogre
 16817 | D:12     | Killed a two-headed ogre
 16949 | D:12     | Reached **** piety under Hepliaklqana
 16992 | D:13     | Noticed a two-headed ogre
 16995 | D:13     | Killed a two-headed ogre
 17423 | D:13     | Noticed a two-headed ogre
 17441 | D:13     | Killed a two-headed ogre
 17542 | D:13     | Found a snail-covered altar of Cheibriados.
 17579 | D:13     | Noticed an ogre mage
 17585 | D:13     | Noticed a two-headed ogre
 17693 | D:14     | Reached skill level 5 in Necromancy
 17895 | D:14     | Reached XP level 13. HP: 95/95 MP: 19/19
 18209 | D:14     | Found a frozen archway.
 18215 | IceCv    | Entered an ice cave
 18322 | IceCv    | Killed a reaper
 19143 | IceCv    | Reached skill level 5 in Spellcasting
 20265 | D:14     | Identified the amulet "Gaarghas" {Spirit *Drain rN++} (You found it in a bailey)
 20560 | D:13     | Reached skill level 11 in Dodging
 20582 | D:13     | Reached skill level 5 in Translocations
 20745 | D:13     | Found a portal to a secret trove of treasure.
 20781 | D:13     | Paralysed by an ogre mage for 6 turns
 21063 | D:13     | Found a gate to the Vaults.
 21258 | Lair:1   | Entered Level 1 of the Lair of Beasts
 21506 | Lair:1   | Reached ***** piety under Hepliaklqana
 23166 | Lair:3   | Found a staircase to the Snake Pit.
 23771 | Lair:4   | Reached XP level 14. HP: 103/106 MP: 19/23
 23804 | Lair:4   | Noticed ThereIsNoGod's ghost (journeyman DrIE)
 23814 | Lair:4   | Killed ThereIsNoGod's ghost
 23941 | Lair:4   | Found a sparkling altar of Nemelex Xobeh.
 24040 | Lair:4   | Reached skill level 10 in Fighting
 24326 | Lair:4   | Reached skill level 1 in Crossbows
 24743 | Lair:4   | Reached ****** piety under Hepliaklqana
 25567 | Lair:6   | Entered Level 6 of the Lair of Beasts
 25689 | Lair:6   | Reached skill level 10 in Staves
 25771 | Lair:6   | Reached skill level 12 in Dodging
 26806 | Lair:6   | Reached XP level 15. HP: 65/116 MP: 21/25
 27042 | Lair:6   | Got a transparent lead ring
 27056 | Lair:6   | Identified the ring of Tosab {rC+ Str+9 Dex+2} (You found it on level 6 of the Lair of Beasts)
 27070 | Lair:6   | Got a crude shortbow
 27072 | Lair:6   | Identified the +8 shortbow of Tyraev {velocity, -Tele Str+3 Dex+4} (You found it on level 6 of the Lair of Beasts)
 27756 | Orc:1    | Entered Level 1 of the Orcish Mines
 28114 | Orc:1    | You fall through a shaft!
 28114 | Orc:2    | Entered Level 2 of the Orcish Mines
 28120 | Orc:2    | Noticed an orc warlord
 28375 | Orc:2    | Found a staircase to the Elven Halls.
 28395 | Orc:2    | Reached skill level 1 in Bows
 28590 | Orc:2    | Demolished by an orc warrior

Skill      XL: |  1  2  3  4  5  6  7  8  9 10 11 12 13 14 15 |
---------------+----------------------------------------------+-----
Charms         | 3 4 5 6 7 8 9 10 11 | 11.4
Maces & Flails | 3 4 5 6 7 8 |  8.5
Dodging        | 3 4 5 6 7 8 9 10 11 12 | 12.4
Translocations | 1 3 5 |  5.1
Hexes          | 1 4 5 |  5.0
Staves         | 2 5 7 9 10 | 10.8
Necromancy     | 2 3 5 |  5.0
Fighting       | 5 7 9 11 | 11.4
Spellcasting   | 4 6 7 |  7.0
Crossbows      | 3 4 |  4.4
Bows           | 1 |  1.5

Action                   |  1- 3 |  4- 6 |  7- 9 | 10-12 | 13-15 || total
-------------------------+-------+-------+-------+-------+-------++-------
Melee: Mace              |   126 |   141 |     9 |       |       ||   276
       Tailslap          |     8 |    17 |    43 |    57 |   129 ||   254
       Dagger            |       |     5 |       |       |       ||     5
       Unarmed           |       |     8 |       |       |       ||     8
       Flail             |       |       |   447 |    32 |       ||   479
       Quarterstaff      |       |       |       |   324 |    26 ||   350
       Lajatang          |       |       |       |   179 |   720 ||   899
 Fire: Arbalest          |       |       |       |       |     2 ||     2
 Cast: Infusion          |     8 |    10 |    13 |    12 |     7 ||    50
       Shroud of Golubri |     3 |     6 |    23 |    42 |    54 ||   128
       Song of Slaying   |       |     1 |     2 |     3 |     6 ||    12
       Spectral Weapon   |       |       |     8 |    22 |    25 ||    55
       Regeneration      |       |       |     1 |    17 |    29 ||    47
Invok: Recall Ancestor   |       |       |     1 |     2 |     5 ||     8
       Ancestor Life: Ba |       |       |       |     1 |       ||     1
 Abil: Breathe Fire      |       |       |    13 |     3 |     6 ||    22
Evoke: Wand              |       |       |     3 |       |       ||     3
  Use: Scroll            |     3 |     2 |     2 |    15 |    11 ||    33
       Potion            |       |     3 |     5 |       |     2 ||    10
 Stab: Sleeping          |     1 |       |       |     4 |     1 ||     6
       Distracted        |       |       |       |     7 |    11 ||    18
  Eat: Chunk             |     4 |     4 |    15 |    27 |    38 ||    88
       Fruit             |     1 |       |       |     2 |     6 ||     9
       Bread ration      |       |     1 |     3 |       |       ||     4
Armor: Skin              |    66 |    49 |   128 |   176 |   236 ||   655
Dodge: Dodged            |   147 |   116 |   356 |   463 |   661 ||  1743
